Map: 环轨星港

Players

Yellow - Winner!

  • Race: Protoss Protoss

Quail

  • Race: Protoss Protoss
  • League: Diamond

VOD

Have the link to the VOD?

Description

Time

  • Played on: Dec. 5, 2015, 7:11 a.m.
  • Length: 10:13
Show
View Real Time Build Order
Export as new Build Order

Yellow Protoss - Winner!

Build Orders: Oracle Opening 

Get SALT Encoding   

  12  0:04  Probe (Chrono Boost)  
  13  0:15  Probe (Chrono Boost)  
  13  0:20  Pylon  
  14  0:26  Probe (Chrono Boost)  
  15  0:38  Probe (Chrono Boost)  
  15  0:41  Gateway  
  16  0:48  Probe (Chrono Boost)  
  16  0:49  Assimilator  
  17  0:59  Probe (Chrono Boost)  
  17  1:00  Assimilator  
  18  1:10  Gateway  
  18  1:15  Probe (Chrono Boost)  
  20  1:25  Probe (Chrono Boost)  
  20  1:36  Probe (Chrono Boost), Pylon  
  20  1:39  Cybernetics Core  
  21  1:46  Probe (Chrono Boost)  
  23  2:01  Probe (Chrono Boost)  
  23  2:08  Pylon  
  23  2:16  Stalker (Chrono Boost)  
  23  2:18  Stalker (Chrono Boost)  
  23  2:22  Warp Gate (Chrono Boost)  
  27  2:27  Stargate  
  27  2:51  Mothership Core  
  29  3:00  Pylon  
  29  3:05  Gateway  
  29  3:13  Gateway  
  29  3:16  Oracle (Chrono Boost)  
  32  3:51  Nexus  
  32  4:10  Probe  
  32  4:12  Twilight Council  
  33  4:20  Robotics Facility  
  33  4:22  Probe  
  34  4:45  Pylon  
  34  4:46  Pylon  
  34  4:48  Stalker x3  
  40  4:59  Pylon  
  39  5:03  Blink (Chrono Boost)  
  39  5:14  Stalker  
  39  5:21  Stalker  
  43  5:30  Stalker  
  43  5:33  Stalker  
  47  5:44  Observer  
  47  5:49  Adept  
  50  5:52  Adept  
  52  6:02  Stalker  
  54  6:07  Adept  
  50  6:18  Stalker  
  52  6:35  Assimilator  
  48  6:41  Stalker x2  
  48  6:43  Adept  
  54  6:53  Adept  
  54  7:09  Immortal  
  54  7:11  Probe  
  54  7:13  Probe  
  60  7:17  Stalker  
  60  7:22  Probe  
  62  7:23  Stalker, Pylon  
  62  7:25  Probe  
  66  7:31  Stalker  
  66  7:35  Probe  
  69  7:38  Probe  
  70  7:45  Probe  
  71  7:53  Probe  
  71  7:56  Probe  
  73  8:01  Oracle  
  76  8:07  Probe  
  76  8:08  Probe  
  76  8:12  Assimilator  
  78  8:13  Pylon  
  73  8:38  Stalker x2  
  73  8:39  Stalker  
  79  9:06  Stalker  
  79  9:07  Stalker x3  
  82  9:45  Stalker x4  
Show
View Real Time Build Order
Export as new Build Order

Quail Protoss 

Build Orders: 1 Gate Expand, Blink Stalkers 

Get SALT Encoding   

  12  0:01  Probe (Chrono Boost)  
  13  0:11  Probe (Chrono Boost)  
  14  0:18  Pylon  
  14  0:22  Probe (Chrono Boost)  
  15  0:36  Probe (Chrono Boost)  
  15  0:37  Gateway  
  15  0:41  Assimilator  
  16  0:46  Probe (Chrono Boost)  
  18  0:57  Probe (Chrono Boost)  
  18  1:07  Probe (Chrono Boost)  
  19  1:18  Probe (Chrono Boost)  
  20  1:24  Cybernetics Core  
  20  1:28  Probe (Chrono Boost)  
  21  1:37  Nexus  
  21  1:44  Pylon  
  21  1:50  Probe (Chrono Boost)  
  22  1:55  Assimilator  
  22  2:01  Probe (Chrono Boost)  
  23  2:03  Stalker  
  23  2:08  Warp Gate (Chrono Boost)  
  25  2:15  Probe (Chrono Boost)  
  26  2:21  Twilight Council  
  26  2:25  Probe (Chrono Boost)  
  27  2:36  Probe (Chrono Boost)  
  28  2:40  Pylon  
  28  2:41  Stalker  
  30  2:49  Mothership Core (Chrono Boost)  
  31  3:04  Pylon  
  31  3:06  Pylon  
  31  3:11  Gateway x2  
  31  3:13  Gateway  
  31  3:17  Sentry (Chrono Boost)  
  33  3:41  Stalker (Chrono Boost)  
  33  3:46  Blink (Chrono Boost)  
  35  3:59  Probe  
  32  4:10  Nexus  
  32  4:11  Probe  
  32  4:13  Pylon  
  33  4:23  Probe  
  33  4:24  Stalker  
  36  4:30  Pylon  
  36  4:40  Stalker  
  38  4:46  Stalker  
  40  5:01  Stalker  
  40  5:03  Stalker  
  44  5:18  Stalker  
  44  5:21  Stalker  
  48  5:43  Probe, Robotics Facility  
  48  5:45  Probe  
  50  5:55  Probe  
  51  6:02  Stalker x2  
  55  6:04  Probe  
  55  6:07  Probe  
  55  6:22  Stalker x2  
  59  6:30  Warp Prism  
  61  6:42  Stalker x2  
  61  6:44  Probe  
  66  7:07  Observer  
  65  7:10  Stalker x4  
  73  7:17  Probe  
  73  7:18  Probe  
  75  7:27  Probe  
  76  7:30  Probe  
  77  7:37  Nexus  
  77  7:41  Adept  
  79  7:45  Adept  
  79  7:49  Adept  
  83  7:52  Adept  
  83  7:58  Probe  
  86  8:06  Pylon  
  86  8:23  Probe  
  86  8:24  Probe  
  88  8:33  Probe  
  88  8:35  Pylon  
  88  8:36  Probe  
  88  8:37  Pylon, Assimilator  
  88  8:39  Pylon  
  88  8:40  Gateway  
  88  8:41  Gateway  
  90  8:43  Gateway  
  86  8:49  Probe x2  
  86  8:51  Probe  
  86  8:58  Stalker  
  86  9:01  Probe  
  85  9:03  Probe  
  85  9:05  Observer  
  88  9:11  Stalker  
  87  9:19  Probe x2  
  87  9:20  Probe  
  86  9:28  Pylon  
  79  9:32  Probe  
  61  9:51  Stalker x2  
  61  9:52  Probe x2  
  55  9:53  Probe  
Tags
 
Add a new tag
Caveats
  • Supply blocks, unpowered buildings, or Contaminate may cause inaccurate times.
  • Supply counts are checked every 10 seconds.